 Dungeon Crawl Stone Soup version 0.30.1-11-g7821555f0a (webtiles) character file.

Game seed: 2423390714083588438

4 KittyFluff the Trooper (level 1, -2/14 HPs)
             Began as a Gargoyle Berserker on Nov 8, 2023.
             Was a Follower of Trog.
             Slain by a gnoll
             ... wielding a +0 club
              (5 damage)
             ... on level 1 of the Dungeon.
             The game lasted 00:00:40 (163 turns).

KittyFluff the Trooper (Gargoyle Berserker)          Turns: 163, Time: 00:00:40

Health: -2/14      AC:  4    Str: 20    XL:     1   Next: 70%
Magic:  1/1        EV: 11    Int:  7    God:    Trog [*.....]
Gold:   23         SH:  0    Dex:  9    Spells: 0/0 levels left

rFire   . . .        a - +0 mace
rCold   . . .        (no shield)
rNeg    + . .        b - +0 animal skin
rPois   ∞            (no helmet)
rElec   +            (no cloak)
rCorr   .            (no gloves)
SInv    .            (no boots)
Will    .....        (no amulet)
Stlth   +            (no ring)
HPRegen 0.22/turn    (no ring)
MPRegen 0.07/turn

%: no passive effects
@: no status effects
A: sickness immunity, AC +2, negative energy resistance 1, electricity
resistance, torment resistance 1, petrification resistance
a: Renounce Religion, Berserk


You were on level 1 of the Dungeon.
You worshipped Trog.
Trog was aware of your devotion.
You visited 1 branch of the dungeon, and saw 1 of its levels.

You collected 23 gold pieces.

Inventory:

Hand Weapons
 a - a +0 mace (weapon)
Armour
 b - a +0 animal skin (worn)
Jewellery
 d - a ring of resist corrosion
Potions
 c - a potion of might {unknown}


   Skills:
 + Level 3.3 Fighting
 * Level 3.1 Maces & Flails
 * Level 2.3 Armour
 + Level 1.6 Dodging
 + Level 0.2 Stealth


You couldn't memorise any spells.
You didn't know any spells.
Your spell library was empty.

Dungeon Overview and Level Annotations

Branches:
Dungeon (1/15)

Altars:


Innate Abilities, Weirdness & Mutations

You are immune to sickness and miasma.
Your stone body is resilient. (AC +2)
You are immune to poison.
You resist negative energy. (rN+)
You are resistant to electric shocks. (rElec)
You are resistant to unholy torment.
You are immune to petrification.


Message History

Trog accepts your kill.
A rat comes into view.
Found 10 gold pieces.
A kobold comes into view. It is wielding a +0 short sword.
The helpless rat fails to defend itself.
You hit the rat but do no damage. The rat closely misses you.
You hit the rat but do no damage. The rat bites you.
You sock the rat!
You kill the rat!
Trog accepts your kill.
You see here a rat corpse.
You hit the kobold but do no damage. The kobold hits you but does no damage.
You sock the kobold!
You kill the kobold!
Trog accepts your kill.
d - a ring of resist corrosion
Things that are here:
a +0 short sword; 4 stones; a kobold corpse You now have 23 gold pieces (gained 10).
A gnoll comes into view. It is wielding a +0 club.
The gnoll shouts!
A rat comes into view.
The gnoll hits you with a +0 club.
You hit the gnoll.
The gnoll is lightly wounded.
The gnoll hits you with a +0 club.
You closely miss the gnoll.
The gnoll is lightly wounded.
The gnoll hits you with a +0 club. x2
* * * LOW HITPOINT WARNING * * *
You sock the gnoll!
The gnoll is almost dead.
The gnoll barely misses you.
You closely miss the gnoll.
The gnoll is almost dead.
The gnoll misses you.
You closely miss the gnoll.
The gnoll is almost dead.
The gnoll hits you with a +0 club.
You die...

... .... ... #...#
#r# ## # ##...##. #.#
.# . ........ #g# .#
.#.#...##. #.# .#
#.#..# ##.####.# .#
.).#.#.##......####.#
#†#..#.##.#....g@...#
.#.#.........#.######
#.#..#.........#
####.# ##....#.#
#.####.#..#.#######
#.................#
#.####.#.##.#######
#.# #......# ####.#
###.####


You could see a gnoll.

Vanquished Creatures
  A giant cockroach (D:1)
  2 kobolds (D:1)
  A ball python (D:1)
  A rat (D:1)
5 creatures vanquished.

Notes
Turn   | Place    | Note
-------+----------+-------------------------------------------
     0 | D:1      | KittyFluff the Gargoyle Berserker began the quest for the
                  | Orb.
     0 | D:1      | Reached XP level 1. HP: 14/14 MP: 1/1
   163 | D:1      | Slain by a gnoll

Illustrated notes

Levels and vault maps discovered:
D:1:      minmay_arrival_plants_in_alcoves, layout_basic, serial_shops, shop,
          minmay_tiny_reverse_x

Action                     || total
---------------------------++-------
  Melee: Mace              ||    16
         Punch             ||     1
   Stab: Sleeping          ||     1
 Armour: Animal skin       ||     1
  Dodge: Dodged            ||     5
